Cogmind - Beta 16.1 @@@ ROGUE MODE // 2026.02.11 @ 00:40:23 Player: TheSkyeDoctor Result: Destroyed by S-27 Virus with Autogun Performance ------------- Evolutions (3) 1500 Regions Visited (6) 1200 Robots Destroyed (68) 340 Value Destroyed (2067) 2067 Prototype IDs (23) 460 Alien Tech Used (0) 0 Bonus (314) 314 TOTAL SCORE: 5881 Bonus ------- Follower Combat Kills 14 Aligned with FarCom 300 Cogmind --------- Core Integrity 0/700 Matter 33/300 Energy 96/100 System Corruption 4% Temperature Cool (0) Movement Core (850) Ox16 Location -7/Factory Parts ------- > --- POWER (1) -------- (None) > --- PROPULSION (4) --- (None) > --- UTILITY (6) ------ High-capacity Storage Unit Improved Terrain Scan Processor Weapon Cycler Weapon Cycler ECM Suite Improved Light Armor Plating > --- WEAPON (2) ------- Mining Claw > --- INVENTORY (20) --- Lightpack 2.0 Hardlight Generator Peak State ------------ > --- POWER ------------ Light Ion Engine > --- PROPULSION ------- Armored Huge Wheel Armored Huge Wheel > --- UTILITY ---------- Improved Heat Sink Improved Heat Sink High-capacity Storage Unit Weapon Cycler Weapon Cycler Hacking Suite > --- WEAPON ----------- Field Laser Heavy Particle Cannon > --- INVENTORY -------- Heat Sink Improved Cooling System Lightpack 2.0 Signal Interpreter Improved Terrain Scanner Improved Terrain Scan Processor Launcher Guidance Computer ECM Suite Hardened Medium Armor Plating Hardlight Generator Particle Gun Field Laser Gatling Laser Heavy Ion Cannon Light Assault Rifle Flak Cannon Remote Datajack Mining Claw [Rating: 48] Favorites ----------- Power Light Ion Engine Engine Light Ion Engine Power Core Light Nuclear Core Propulsion Armored Huge Wheel Leg Carbon-fiber Leg Wheel Armored Huge Wheel Hover Unit Airjet Utility Weapon Cycler Device Weapon Cycler Storage High-capacity Storage Unit Processor Improved Terrain Scan Processor Hackware Hacking Suite Protection Improved Light Armor Plating Weapon Field Laser Energy Gun Field Laser Energy Cannon Heavy Particle Cannon Ballistic Gun Light Assault Rifle Ballistic Cannon Flak Cannon Launcher Grenade Launcher Special Weapon Mining Laser Slashing Weapon Mining Claw Build | -11 -10 -10 -10 -9 -8 -7 ------- Run | Yrd Mat Min Exi Min Mat Fac Slots Evolved 6 | . . . . . 4 2 Power . | . . . . . . . Propulsion 2 | . . . . . 2 . Utility 4 | . . . . . 2 2 Weapon . | . . . . . . . Parts Attached 60 | 6 1 1 1 3 27 21 Power 8 | 1 . . . 1 4 2 Engine 6 | 1 . . . 1 4 . Core 2 | . . . . . . 2 Reactor . | . . . . . . . Propulsion 15 | 2 . . . . 9 4 Treads . | . . . . . . . Leg 2 | . . . . . 1 1 Wheel 10 | 2 . . . . 5 3 Hover 3 | . . . . . 3 . Flight . | . . . . . . . Utility 20 | 1 . 1 1 . 7 10 Device 13 | . . 1 . . 6 6 Storage 2 | 1 . . 1 . . . Processor 2 | . . . . . 1 1 Hackware 1 | . . . . . . 1 Protection 2 | . . . . . . 2 Artifact . | . . . . . . . Weapon 17 | 2 1 . . 2 7 5 Energy Gun 4 | . . . . . 2 2 Energy Cannon 4 | . . . . . 3 1 Ballistic Gun 3 | 2 . . . 1 . . Ballistic Cannon 2 | . . . . 1 . 1 Launcher 2 | . 1 . . . 1 . Special Weapon 1 | . . . . . 1 . Impact Weapon . | . . . . . . . Slashing Weapon 1 | . . . . . . 1 Piercing Weapon . | . . . . . . . Special Melee Weapon . | . . . . . . . Unidentified Prototypes . | . . . . . . . Corrupted Parts 1 | . . . . . . 1 System Corruption 2 | . . . . . . 2 Parts Lost 42 | . . . . 3 22 17 Power 8 | . . . . 1 4 3 Propulsion 10 | . . . . . 7 3 Utility 8 | . . . . . 4 4 Weapon 16 | . . . . 2 7 7 Highest Loss Streak 12 | . . . . 2 12 3 To Critical Strikes . | . . . . . . . Average Backups 12 | 2 5 7 7 8 11 15 Power . | 1 1 1 1 . . . Propulsion . | . 2 3 3 4 . . Utility 7 | . 2 1 2 2 5 10 Weapon 3 | . . 1 1 1 3 4 Tool/Special . | . . . . . . . Unused Backups 20 | . . . 3 . 6 11 Power . | . . . . . . . Propulsion 8 | . . . 2 . 6 . Utility 10 | . . . 1 . . 9 Weapon 1 | . . . . . . 1 Tool/Special 1 | . . . . . . 1 Average Slot Usage (%) 78 | . 85 97 100 98 77 72 Engine 6 | . 14 14 14 14 8 2 Leg 1 | . . . . . 3 . Wheel 12 | . 28 28 28 28 6 11 Hover 3 | . . . . . 7 1 Device 22 | . . 11 14 14 24 24 Storage 8 | . 14 14 14 14 9 6 Processor 1 | . . . . . . 2 Hackware 2 | . . . . . . 6 Energy Gun 5 | . . . . . 6 5 Energy Cannon 3 | . . . . . 4 3 Ballistic Gun 3 | . 17 14 14 15 2 . Ballistic Cannon 2 | . . . . 8 1 2 Launcher 2 | . 10 14 14 2 2 . Peak Build Rating 48 | 6 6 8 10 11 35 48 Average Rating 30 | 4 6 7 9 10 25 40 On Entrance 10 | . 6 6 8 10 11 33 Avg Prop Armor Cover (%) . | . . . . . . . Naked Turns . | . . . . . . . Heaviest Build 59 | 13 15 16 51 51 59 57 Greatest Support 62 | 20 20 20 20 20 40 62 Greatest Overweight (x) 18 | . . . 2 2 18 17 Average Overweight (x) 1 | . . . . 2 2 . Largest Inventory Capacity 20 | 8 8 8 20 20 20 20 Average Capacity 18 | 7 8 8 9 20 20 19 Most Carried 20 | 5 6 8 8 15 20 20 Average Carried 14 | 2 5 7 7 11 13 17 Final Capacity 20 | 8 8 8 20 20 20 20 Final Carried 16 | 5 6 8 8 15 16 4 Class Distribution -------------------- 82% | Mutant 10% | Skirmisher 7% | Scavenger-Mutant Dominant Class ---------------- Mutant | -10/Materials Mutant | -10/Mines Mutant | -10/Exiles Mutant | -9/Mines Mutant | -8/Materials Mutant | -7/Factory Resources | -11 -10 -10 -10 -9 -8 -7 ----------- Run | Yrd Mat Min Exi Min Mat Fac Matter Collected 1149 | 300 23 29 . 129 413 255 Remotely . | . . . . . . . Salvage Created 1971 | 96 16 30 . 103 1152 574 Parts 123 | 12 3 3 . 11 62 32 Haulers Intercepted 1 | . . . . . 1 . Recyclers Shooed 2 | . . . . . 2 . Parts Field Recycled . | . . . . . . . Retrieved Matter . | . . . . . . . Parts Self-Destructed . | . . . . . . . Prevented . | . . . . . . . Parts Restored . | . . . . . . . Kills | -11 -10 -10 -10 -9 -8 -7 ------- Run | Yrd Mat Min Exi Min Mat Fac Combat Hostiles Destroyed 53 | . . 3 . 8 22 20 Melee 2 | . . . . . . 2 Guns 26 | . . 2 . 7 11 6 Cannons 22 | . . . . 1 9 12 AOE 3 | . . 1 . . 2 . Classes Destroyed 13 | 2 2 1 . . 6 2 Worker 4 | . 1 . . . 3 . Builder 1 | . . . . . . 1 Tunneler 2 | 2 . . . . . . Hauler 1 | . . . . . 1 . Recycler 1 | 1 . . . . . . Operator 3 | . 1 . . . 1 1 Watcher 3 | . . . . . 3 . Swarmer 22 | . . 3 . 8 3 8 Grunt 18 | . . . . . 13 5 Brawler 1 | . . . . . 1 . Sentry 5 | . . . . . 4 1 Hunter 3 | . . . . . 1 2 Programmer 4 | . . . . . . 4 Best Kill Streak 5 | 2 2 3 . 4 5 3 Combat Bots Only 5 | . . 3 . 4 5 3 Max Kills in Single Turn 2 | 1 2 1 . 1 2 1 Gunslinging 1 | . . . . . 1 . Exploded 2 | . . 1 . . 2 . Melee 1 | . . . . . . 1 Uniques/NPCs Destroyed . | . . . . . . . Combat | -11 -10 -10 -10 -9 -8 -7 -------- Run | Yrd Mat Min Exi Min Mat Fac Hostile Shots Fired 484 | . . 5 . 56 160 263 Missed 128 | . . . . 13 44 71 Hits 356 | . . 5 . 43 116 192 Melee 1 | . . . . . 1 . Projectile 355 | . . 5 . 43 115 192 Critical Strikes 5 | . . . . . 2 3 Damage Taken 4942 | . . 39 . 351 1837 2715 Core 1199 | . . 7 . 40 444 708 Absorbed by Shields . | . . . . . . . Core Remaining (%) 66 | 100 . . . 81 19 . Volleys Fired 268 | 10 1 3 . 28 128 98 Largest 2 | 2 2 2 . 2 2 2 Hottest 160 | 40 50 50 . 50 160 138 Shots Fired 384 | 20 2 4 . 33 203 122 Gun 210 | 20 1 3 . 28 109 49 Cannon 164 | . . . . 5 86 73 Launcher 7 | . 1 1 . . 5 . Special 3 | . . . . . 3 . Kinetic 179 | 20 1 3 . 33 65 57 Thermal 198 | . . . . . 133 65 Explosive 2 | . 1 1 . . . . Electromagnetic 5 | . . . . . 5 . Robot Hit Streak 13 | 8 . 10 . 2 13 12 Robot Miss Streak 10 | 2 . . . 3 5 10 Penetration Max . | . . . . . . . Secondary Targets 2 | . . . . . 2 . Max Gunslinging Chain 1 | . . . . . 1 . Shots Hit Robots 262 | 15 . 2 . 16 135 94 Core Hits 150 | 7 3 3 . 8 59 70 Critical Kills 1 | . . . . . 1 . Critical Parts Destroyed 1 | . . . . . 1 . Critical Strikes 9 | . . . . . 7 2 Burn 6 | . . . . . 4 2 Destroy 2 | . . . . . 2 . Blast 1 | . . . . . 1 . Melee Attacks 5 | . . . . . . 5 Impact . | . . . . . . . Slashing 5 | . . . . . . 5 Piercing . | . . . . . . . Sneak Attacks . | . . . . . . . Combat Hostiles . | . . . . . . . Follow-up Attacks . | . . . . . . . Damage Inflicted 5402 | 166 50 57 . 207 2799 2123 Guns 2028 | 166 . 29 . 154 1022 657 Cannons 2703 | . . . . 53 1257 1393 Explosions 574 | . 50 28 . . 496 . Melee 73 | . . . . . . 73 Ramming . | . . . . . . . Kinetic 1948 | 166 . 29 . 207 586 960 Thermal 2843 | . . . . . 1753 1090 Explosive 219 | . 50 28 . . 141 . Electromagnetic 319 | . . . . . 319 . Impact . | . . . . . . . Slashing 73 | . . . . . . 73 Piercing . | . . . . . . . Highest Corruption 7 | . . . . . . 7 Average Corruption 2 | . . . . . . 2 Corruption Purged 5 | . . . . . . 5 Corruption Blocked . | . . . . . . . Effects 34 | . . . . . . 34 Message Errors 7 | . . . . . . 7 Matter Fused 5 | . . . . . . 5 Heat Flow Errors 6 | . . . . . . 6 Energy Discharges 4 | . . . . . . 4 Data Loss (minor) 5 | . . . . . . 5 Data Loss (major) 4 | . . . . . . 4 Misfires 2 | . . . . . . 2 Alerts 1 | . . . . . . 1 Overload Shots . | . . . . . . . Overflow Damage 43 | . . . . . 27 16 Projectiles 43 | . . . . . 27 16 Explosions . | . . . . . . . Melee . | . . . . . . . Knockbacks 10 | . . . . 1 2 7 Impact . | . . . . . . . Kinetic 10 | . . . . 1 2 7 Secondary . | . . . . . . . Self-Inflicted Damage 11 | . . . . . 11 . Shots 1 | . . . . . 1 . Rammed . | . . . . . . . Targets Rammed . | . . . . . . . Kicked . | . . . . . . . Crushed . | . . . . . . . Highest Temperature 516 | . . . . 10 516 238 Average Temperature 71 | . . . . 7 88 44 Received Heat Transfer 1158 | . . . . . 927 231 Effects 3 | . . . . . 3 . Shutdowns 1 | . . . . . 1 . Energy Bleed 1 | . . . . . 1 . Short Circuit 1 | . . . . . 1 . Siege Activations . | . . . . . . . Martial Activations . | . . . . . . . Shielding Activations . | . . . . . . . Robots Disrupted . | . . . . . . . Combat Hostiles . | . . . . . . . Robots Corrupted . | . . . . . . . Combat Hostiles . | . . . . . . . Parts Fried . | . . . . . . . Impact Corruptions . | . . . . . . . Robots Melted . | . . . . . . . Combat Hostiles . | . . . . . . . Parts Melted 8 | . . . . . 5 3 Heat Transferred 5755 | . . . . . 3739 2016 Parts Sabotaged . | . . . . . . . Parts Stolen . | . . . . . . . Parts Stripped . | . . . . . . . Power Chain Reactions 1 | . . . . . 1 . Alert | -11 -10 -10 -10 -9 -8 -7 ------- Run | Yrd Mat Min Exi Min Mat Fac Maximum Alert Level . | . . . . . . . Low Security (%) 100 | 100 100 100 . 100 100 100 Level 1 . | . . . . . . . Level 2 . | . . . . . . . Level 3 . | . . . . . . . Level 4 . | . . . . . . . Level 5 . | . . . . . . . High Security . | . . . . . . . Max Security . | . . . . . . . Peak Influence 173 | 10 29 81 . 100 173 133 Initial 16 | . 3 2 . . 16 . Average 52 | 2 8 33 . 43 90 30 Influence Increases 1731 | 15 36 79 . 234 857 510 Destroy 0b10 Robot/C 1100 | . . 60 . 200 440 400 Destroy 0b10 Robot/NC 75 | 15 10 . . . 40 10 Destroy Leader 258 | . . 10 . 30 118 100 Allied During Kill 6 | . . . . 4 2 . Successful Hack 16 | . 7 . . . 9 . Disable Machine 45 | . 15 . . . 30 . Destroy Structure 51 | . 4 9 . . 38 . Partial Spotted 15 | . . . . . 15 . Lose Combat Pursuer 165 | . . . . . 165 . Influence Decreases 1622 | 10 34 86 . 190 901 401 Entered New Map 35 | . 2 5 . . 28 . Time Decay 1097 | 10 13 81 . 160 567 266 Lost Part 385 | . . . . 30 220 135 Purge Threat 105 | . 19 . . . 86 . Squads Dispatched 12 | . . . . . 2 10 Investigation 2 | . . . . . 1 1 Extermination 6 | . . . . . . 6 Reinforcement 4 | . . . . . 1 3 Assault . | . . . . . . . Garrison . | . . . . . . . Intercept . | . . . . . . . Searches Triggered . | . . . . . . . Construction Impeded . | . . . . . . . Haulers Reinforced 1 | . . . . . . 1 Active Scanning Responses . | . . . . . . . Cargo Convoy Interrupts . | . . . . . . . Stealth | -11 -10 -10 -10 -9 -8 -7 --------- Run | Yrd Mat Min Exi Min Mat Fac Distress Signals 6 | . . . . . 3 3 Communications Jammed . | . . . . . . . Distress Signals . | . . . . . . . Times Spotted 87 | . 1 2 . 10 42 32 Peak Tracking Total 6 | . 1 2 . 4 6 6 Tactical Retreats 7 | . . . . . 7 . Traps | -11 -10 -10 -10 -9 -8 -7 ------- Run | Yrd Mat Min Exi Min Mat Fac Traps Triggered 4 | . . . . . 1 3 Indirectly . | . . . . . . . Trap Hack Attempts . | . . . . . . . Triggered . | . . . . . . . Disarmed . | . . . . . . . Reprogrammed . | . . . . . . . Reused . | . . . . . . . Traps Extracted . | . . . . . . . Installed . | . . . . . . . Triggered . | . . . . . . . Machines | -11 -10 -10 -10 -9 -8 -7 ---------- Run | Yrd Mat Min Exi Min Mat Fac Machines Disabled 3 | . 1 . . . 2 . Max in Single Turn 1 | . 1 . . . 1 . Garrison Access 1 | . . . . . 1 . Machines Repaired . | . . . . . . . Machines Dismantled . | . . . . . . . Machines Sabotaged . | . . . . . . . Overloaded Fab Kills . | . . . . . . . Hacking | -11 -10 -10 -10 -9 -8 -7 --------- Run | Yrd Mat Min Exi Min Mat Fac Machines Accessed 16 | . 3 . 1 1 5 6 Terminals 12 | . 3 . . 1 4 4 Fabricators . | . . . . . . . Repair Stations 1 | . . . . . . 1 Recycling Units . | . . . . . . . Scanalyzers 1 | . . . . . . 1 Garrison Access 1 | . . . . . 1 . Total Hacks 25 | . 6 . 1 2 8 8 Successful 9 | . 3 . 1 . 4 1 Failed 16 | . 3 . . 2 4 7 Catastrophic 8 | . 3 . . 2 . 3 Database Lockouts . | . . . . . . . Manual 13 | . 2 . 1 2 6 2 Terminals 20 | . 6 . . 2 7 5 Fabricators . | . . . . . . . Repair Stations 2 | . . . . . . 2 Recycling Units . | . . . . . . . Scanalyzers 1 | . . . . . . 1 Garrison Access 1 | . . . . . 1 . Terminal Hacks 7 | . 3 . 1 . 3 . Level Access Points 1 | . . . . . 1 . Branch Access Points 1 | . 1 . . . . . Unreport Threat 3 | . 2 . . . 1 . Recall Investigation 1 | . . . . . 1 . Proto ID Catalog 1 | . . . 1 . . . Fabricator Hacks . | . . . . . . . Repair Station Hacks . | . . . . . . . Recycling Unit Hacks . | . . . . . . . Scanalyzer 1 | . . . . . . 1 Retrieve Study 1 | . . . . . . 1 Garrison Access Hacks 1 | . . . . . 1 . Seal Access 1 | . . . . . 1 . Unauthorized Hacks . | . . . . . . . Terminals . | . . . . . . . Fabricators . | . . . . . . . Repair Stations . | . . . . . . . Recycling Units . | . . . . . . . Scanalyzers . | . . . . . . . Garrison Access . | . . . . . . . Data Cores Recovered 1 | . 1 . . . . . Used 1 | . 1 . . . . . Hacking Detections 12 | . 3 . . 1 3 5 Full Trace Events . | . . . . . . . Feedback Events . | . . . . . . . Feedback Blocked . | . . . . . . . Robot Schematics Acquired . | . . . . . . . Robots Built . | . . . . . . . Authchips . | . . . . . . . Time . | . . . . . . . Total Robot Build Rating . | . . . . . . . Part Schematics Acquired . | . . . . . . . Parts Built . | . . . . . . . Authchips . | . . . . . . . Time . | . . . . . . . Total Part Build Rating . | . . . . . . . Part Studies Acquired 1 | . . . . . . 1 Parts Repaired . | . . . . . . . Time . | . . . . . . . Parts Recycled . | . . . . . . . Recycled Matter . | . . . . . . . Retrieved Matter . | . . . . . . . Retrieved Components . | . . . . . . . Parts Scanalyzed . | . . . . . . . Part Schematics Acquired . | . . . . . . . Parts Damaged . | . . . . . . . Bothacking | -11 -10 -10 -10 -9 -8 -7 ------------ Run | Yrd Mat Min Exi Min Mat Fac Used RIF Installer . | . . . . . . . Robots Hacked . | . . . . . . . Non-combat . | . . . . . . . Combat . | . . . . . . . Robot Hacks Applied . | . . . . . . . Relay Couplers Released . | . . . . . . . Fabnet Peak Effective % . | . . . . . . . Robots Rewired . | . . . . . . . Allies Hacked . | . . . . . . . Hacks Repelled . | . . . . . . . Allies | -11 -10 -10 -10 -9 -8 -7 -------- Run | Yrd Mat Min Exi Min Mat Fac Total Allies 1 | . . . . 1 . . Largest Group 1 | . . . . 1 1 . Highest-Rated Group 31 | . . . . 31 31 . Highest-Rated Ally 31 | . . . . 31 31 . Total Orders . | . . . . . . . Ally Attacks 5 | . . . . 5 . . Total Damage 64 | . . . . 64 . . Kills 2 | . . . . 2 . . Allies Corrupted . | . . . . . . . Allies Melted . | . . . . . . . Intel | -11 -10 -10 -10 -9 -8 -7 ------- Run | Yrd Mat Min Exi Min Mat Fac Active Infowar (turns) 1876 | . . 189 244 379 244 820 Terrain 622 | . . . . . . 622 Seismic 1056 | . . 189 244 379 244 . ECM 198 | . . . . . . 198 Robot Analysis Total . | . . . . . . . Derelict Logs Recovered . | . . . . . . . Drone Launches . | . . . . . . . Drone Recoveries . | . . . . . . . Exploration | -11 -10 -10 -10 -9 -8 -7 ------------- Run | Yrd Mat Min Exi Min Mat Fac Turns Passed 5872 | 91 76 213 244 379 1995 2874 Spaces Moved 2702 | 62 89 211 288 245 720 1087 Core 79 | 10 . . . . 16 53 Treads . | . . . . . . . Legs 161 | . . . . . 151 10 Wheels 2049 | 52 89 211 288 245 237 927 Hover 413 | . . . . . 316 97 Flight . | . . . . . . . Fastest Speed 50 | 50 80 80 80 110 95 90 Average Speed 135 | 75 80 80 83 110 202 129 Slowest Speed 950 | 80 80 80 110 110 950 900 Overloaded Moves . | . . . . . . . Propulsion Burnouts . | . . . . . . . Robots Hopped . | . . . . . . . Potential Cave-ins . | . . . . . . . Cave-ins Triggered . | . . . . . . . Exploration Rate (%) 35 | 4 19 45 64 45 49 23 Regions Visited 6 Branch Regions 3 Pre-discovered Areas . | . . . . . . . Known Exits Taken 2 | . 1 . . . 1 . Unknown Exits Taken 4 | 1 . 1 1 1 . . Scrap Searched 3 | . . 2 . 1 . . Spaces Dug . | . . . . . . . Terrain Destroyed 51 | . 4 9 . . 38 . Melee . | . . . . . . . Projectile 13 | . . . . . 13 . AOE 38 | . 4 9 . . 25 . Terrain Rammed . | . . . . . . . Walls Destroyed . | . . . . . . . Machines Disabled . | . . . . . . . Actions | -11 -10 -10 -10 -9 -8 -7 --------- Run | Yrd Mat Min Exi Min Mat Fac Total 4592 | 88 91 250 293 322 1099 2449 Wait 1451 | . . 33 . 36 176 1206 Move 2696 | 61 88 210 287 244 719 1087 Hop . | . . . . . . . Pick Up 78 | 11 1 3 1 10 34 18 Fast Attach 4 | . . . . . . 4 Attach 56 | 6 . 1 . 3 27 19 Detach 1 | . . . . . . 1 Swap 10 | . 1 . 1 1 6 1 Drop 23 | . . . 4 . 9 10 Fire 268 | 10 1 3 . 28 128 98 Melee 5 | . . . . . . 5 Ram . | . . . . . . . Kick . | . . . . . . . Crush . | . . . . . . . Escape Stasis . | . . . . . . . Rewire . | . . . . . . . Trap . | . . . . . . . Miscellaneous . | . . . . . . . Route ------- -11/Scrapyard -10/Materials (discovered 2 exits: *Min x2) -10/Mines -10/Exiles -9/Mines -8/Materials (discovered 4 exits: *Fac x3 / [*Sto]) -7/Factory History --------- Turn | Location | Event 41 | -11/Scrapyard | Discovered new exit (range 12) 92 | -11/Scrapyard | Entered Materials 110 | -10/Materials | Identified exit to Mines 168 | -10/Materials | Entered Mines 308 | -10/Mines | Build established: Mutant 377 | -10/Mines | Deemed a non-threat by the Exiles lab entrance 377 | -10/Mines | Discovered new exit (range 5) 381 | -10/Mines | Entered Exiles 405 | -10/Exiles | Met 8R-AWN 418 | -10/Exiles | Met EX-HEX 443 | -10/Exiles | Met EX-BIN 453 | -10/Exiles | Aligned with FarCom system 454 | -10/Exiles | Given EX-Vault access code 494 | -10/Exiles | Opened EX-Vault 500 | -10/Exiles | Found Lightpack 2.0 516 | -10/Exiles | Warned to stay clear of 0b10 Research branches 530 | -10/Exiles | Exiles lab attacked by MAIN.C 611 | -10/Exiles | Discovered new exit (range 14) 625 | -10/Exiles | Left Exiles lab with Lightpack 2.0 625 | -10/Exiles | Entered Mines 808 | -9/Mines | Received a Mining Laser from a helpful Derelict 984 | -9/Mines | Discovered new exit (range 9) 1004 | -9/Mines | Entered Materials 1004 | -8/Materials | Accompanied by 1 ally 1004 | -8/Materials | Evolved 4 slots: Propulsion x2, Utility x2 1333 | -8/Materials | Core integrity fell below 50% 1351 | -8/Materials | Lost 12 parts (1p5n2u4w) 1640 | -8/Materials | Lost 4 parts (2p1n1u) 2314 | -8/Materials | Core integrity fell below 20% 2614 | -8/Materials | Discovered new exit (range 15) 2723 | -8/Materials | Identified exit to Factory 2780 | -8/Materials | Discovered new exit (range 15) 2999 | -8/Materials | Entered Factory 2999 | -7/Factory | Evolved 2 slots: Utility x2 3118 | -7/Factory | Allied Derelicts emerged from ambush trap array 5201 | -7/Factory | Build established: Skirmisher 5512 | -7/Factory | Lost 3 parts (1u2w) 5513 | -7/Factory | Core integrity fell below 50% 5584 | -7/Factory | Lost 3 parts (1u2w) 5628 | -7/Factory | Core integrity fell below 20% 5845 | -7/Factory | Build established: Mutant 5873 | -7/Factory | Destroyed by S-27 Virus with Autogun Last Messages --------------- ZM %QXLDZ29VY%,RWFIP,<%UDF5G=W R-06 Scavenger collects VTOL Module. R-06 Scavenger collects Lgt. Nuclear Core. Acquired Hcp. Storage Unit. R-06 Scavenger collects Shield Generator. R-06 Scavenger collects Remote Datajack. System corrupted: Component data lost. System corrupted: Matter fused (-6). System corrupted: Matter fused (-8). System corrupted: Energy discharge (-41). Construction Platform comes online. ALERT: Potential suspicious activity detected, Programmers report to Factory Zone 2B. K-01 Serf cleans the Construction Platform. System corrupted: Energy discharge (-38). K-01 Serf cleans the Construction Platform. C-30 ARC bursts open, deploying its payload. S-27 Virus unfolds itself. K-01 Serf cleans the Construction Platform. Lgt. Nuclear Core destroyed. Map ----- +----------------------------------------------------+ | ?????????????????????????????????????????????????? | | ?????????????????????????????????????????????????? | | ?????????????????????????????????????????????????? | | ?????????????????????????????????????????????????? | | ?????????????????????????????????????????????????? | | ???????? ??????????????????????????????????????? | | ???????? ??????????????????????????????????????? | | ???????# ??????????????????????????????????????? | | ???????# #?????????????????????????????????????? | | ???????# #?????????????????????????????????????? | | ???????# #??????????????? ?????????????????????? | | #??????# #??????????????? "???????????????????? | | ?????# #??????????????? "???????????????????? | | ????# #??????????????? ""??????????????????? | | ???# #?????????????? ""??????????????????? | | ? !!!??# #?????????????? ??????????????????? | | ?? !! # #?????????????? """?????????????????? | | ?? # #? ???????????? """"????????????????? | | ?? ? + ## ?????????? """""???????????????? | | # #?#?##????????? """""???????????????? | | ###?#### ############### k ??????????????? | | #######% r u u % k """"????????????????? | | ### % """"????????????????? | | ### % k """"????????????????? | | ! ### """""""?????????????? | | ### k @ #??????????? | | ### ##############sss"""""""?????????????? | | ### ##?#########?? s""""????????????????? | | ### # ? ??? """"????????????????? | | ### # ? ? ?? """"????????????????? | | + # ?"""?""????? % ????????????????? | | ### #? """ """ ??? """""???????????????? | | ### # """?"?"?????"""""???????????????? | | ### % # ? ? ??""""????????????????? | | #+##### #########?#???????"??????????????????? | | ?????????????????????????? | | ?????????????????????????? | | ? ???????????????????????? | | ?????????????????????????? | | w ??????????????????????????? | | # #######/##############?????????????????????????? | | # ## ?######???????????????????????????? | | # ## ##???????????????????????????????? | | # ## """"""""" ####?????????????????????????????? | | # ## ???###????????????????????????????? | | # ## """"""""" ###??????????????????????????????? | | # ## ? ?##???????????????????????????????? | | # ## ??#???????????????????????????????? | | # ## ??? ? ??????????????????????????????????? | | # ## ???? ? ?????????????????????????????????? | +----------------------------------------------------+ Best States ------------- Heat Dissipation 62 Energy Generation 14 Energy Capacity 265 Matter Stores 300 Matter Capacity 300 Sight Range 16 Terrain Scan Range 16 Terrain Scan Density 110 ECM Strength 1 Additional Mass Support 6 Armor Coverage 375 Weapon Cycling 30 Evasion (%) 50 Particle Charging 15 Offensive Hacking 10 Item Schematics ----------------- None Robot Schematics ------------------ None Fabricated ------------ Nothing Repaired ---------- Nothing Studied --------- Arm. Huge Wheel | -7/Factory | Hacked Alien Tech Used ----------------- None Achievements -------------- Omniscient Cartographer Sixth Sense Challenges ------------ None Game ------ Seed OvertunedHypervelocityBasin Manual? 0 Play Time 00:57:20 Cumulative 16.4 hours Start 2026.02.10 @ 23:44:54 End 2026.02.11 @ 00:40:23 Sessions 1 Manual Loads 0 Difficulty Rogue Special Mode None Game No. 37 Rogue 37 Adventurer 0 Explorer 0 Win Type - Total 0 Types 0/0/0/0/0/0/0/0/0/0 Lore% 15 Gallery% 21 Achievement% 17 Wizard Run 0 Options --------- Layout 1 ASCII 0 Keyboard 0 Movement Mouse Keybinds 0 Fullscreen 1 Font 24/Smallcaps Map View 50x35 Zoom Use 0% Tactical HUD 0 Map Filters NONE Filters NONE Steam 1 RUN: 70a0d523-4cd0-4974-8860-c24762691c66